 Dungeon Crawl Stone Soup version 0.23.2-1-ga50397a6bc (webtiles) character file.

Game seed: 16869834363041006514

1503 Gargoyl the Chopper (level 8, -1/67 HPs)
             Began as a Centaur Abyssal Knight on May 23, 2019.
             Was an Elder of Lugonu.
             Slain by an iguana (10 damage)
             ... on level 5 of the Dungeon.
             The game lasted 00:10:35 (6522 turns).

Gargoyl the Chopper (Centaur Abyssal Knight)        Turns: 6522, Time: 00:10:35

Health: -1/67      AC: 16    Str: 16    XL:     8   Next: 52%
Magic:  11/11      EV:  7    Int: 11    God:    Lugonu [****..]
Gold:   213        SH:  0    Dex: 10    Spells: 7/7 levels left

rFire    . . .     SeeInvis .   a - +2 hand axe
rCold    . . .     Gourm    .   (no shield)
rNeg     . . .     Faith    .   e - +0 ring mail
rPois    .         Spirit   .   u - +1 helmet
rElec    .         Reflect  .   s - +0 cloak
rCorr    .         Harm     .   (no gloves)
MR       .....                  f - +2 centaur barding {Fly}
Stlth    ..........             (no amulet)
HPRegen  0.21/turn              (no ring)
MPRegen  0.12/turn              (no ring)

@: flying, very quick
A: large, hooves 3, deformed body, speed 2, tough skin 3
a: Depart the Abyss, Bend Space, Banish, Corrupt, Renounce Religion, Stop Flying


You were on level 5 of the Dungeon.
You worshipped Lugonu.
Lugonu was greatly pleased with you.
You were not hungry.

You visited 1 branch of the dungeon, and saw 5 of its levels.
You visited the Abyss 1 time.

You collected 213 gold pieces.

Inventory:

Hand Weapons
 a - a +2 hand axe (weapon)
Armour
 e - a +0 ring mail (worn)
 f - a +2 centaur barding of flying (worn)
 s - a +0 cloak (worn)
 u - a +1 helmet (worn)
Jewellery
 n - an uncursed amulet of the gourmand
Wands
 h - a wand of polymorph (3)
 l - a wand of random effects (10)
 r - a wand of scattershot (4)
 t - a wand of iceblast (5)
Scrolls
 g - 12 scrolls of identify
 j - a scroll of amnesia
 k - 2 scrolls of remove curse
 o - 3 scrolls of enchant armour {unknown}
 p - a scroll of teleportation
Potions
 b - a potion of flight {unknown}
 d - 2 potions of resistance
 i - 2 potions of agility
 m - 2 potions of heal wounds
 v - a potion of mutation {unknown}
 w - a potion of curing {unknown}
Comestibles
 c - 9 rations


   Skills:
 + Level 4.6 Fighting
 + Level 5.1 Axes
 * Level 4.8 Armour
 * Level 3.1 Dodging
 * Level 4.7 Invocations


You had 7 spell levels left.
You didn't know any spells.
Your spell library was empty.

Dungeon Overview and Level Annotations

Branches:
Dungeon (5/15)             Temple (0/1) D:4

Altars:
Fedhas
Qazlal
Trog
Wu Jian


Innate Abilities, Weirdness & Mutations

You have hooves in place of feet.
Armour fits poorly on your strangely shaped body.
You cover ground very quickly.
You have extremely tough skin. (AC +3)


Message History

The iguana bites you!
You closely miss the iguana. Your kick misses the iguana.
The iguana is severely wounded.
The iguana barely misses you.
You hit the iguana but do no damage.
The iguana is severely wounded.
The iguana bites you but does no damage.
You hit the iguana.
The iguana is almost dead.
The iguana bites you!
* * * LOW HITPOINT WARNING * * *
A quokka comes into view.
You closely miss the iguana. Your kick misses the iguana.
The iguana is almost dead.
The iguana bites you!
* * * LOW HITPOINT WARNING * * *
Unknown command.
There is a stone staircase leading up here.
The iguana bites you!
You die...

#.........#####.#
#######
#.....###.# .#
#...#. #.# .
#.#.#. #)# #. # #
#. #)#####.##. #.
#.......# ..
###.##### #>###
...####@..##
........l..###.#
...####........#
####.##### #r#
#.# #.# #r#
#†...#


You could see an iguana and a quokka.

Vanquished Creatures
  Grinder (D:3)
  A hippogriff (D:3)
  An ice beast (D:5)
  2 eyes of draining (D:3)
  An ogre (D:4)
  A scorpion (D:5)
  A howler monkey (D:4)
  A crimson imp (D:5)
  2 hounds (D:5)
  Crazy Yiuf (D:2)
  Ijyb (D:3)
  3 orc priests
  2 orc wizards (D:5)
  Jessica (D:2)
  3 worker ants
  13 gnolls
  6 adders
  An ooze (D:4)
  2 adder skeletons (D:4)
  2 worms
  2 dart slugs
  6 leopard geckos
  11 orcs
  A ball python (D:1)
  8 giant cockroaches
  8 goblins
  8 hobgoblins
  16 jackals
  7 kobolds
  3 quokkas
  8 bats
  5 frilled lizards
  A jackal skeleton (D:5)
  7 rats
137 creatures vanquished.

Notes
Turn   | Place    | Note
-------+----------+-------------------------------------------
     0 | Abyss:1  | Gargoyl the Centaur Abyssal Knight began the quest for the
                  | Orb.
     0 | Abyss:1  | Reached XP level 1. HP: 19/19 MP: 2/2
   101 | Abyss:1  | Noticed a small abomination
   126 | Abyss:2  | Identified a scroll of acquirement
   241 | Abyss:2  | Noticed a raiju
   257 | Abyss:2  | Noticed a spriggan
   262 | D:1      | Escaped the Abyss
   386 | D:1      | Reached * piety under Lugonu
   476 | D:1      | Reached XP level 2. HP: 26/26 MP: 3/3
   569 | D:1      | Reached skill level 2 in Axes
   862 | D:1      | Reached skill level 1 in Dodging
  1181 | D:2      | Reached XP level 3. HP: 31/31 MP: 4/4
  1185 | D:2      | Found a blossoming altar of Fedhas.
  1213 | D:2      | Found a stormy altar of Qazlal.
  1236 | D:2      | Reached ** piety under Lugonu
  1243 | D:2      | HP: 1/31 [gnoll/+0 halberd (8)]
  1561 | D:2      | Reached XP level 4. HP: 35/38 MP: 5/5
  1970 | D:2      | Found a faded altar of an unknown god.
  2152 | D:2      | Noticed Jessica
  2156 | D:2      | Killed Jessica
  2162 | D:2      | Found a runed translucent door.
  2163 | D:2      | Noticed Crazy Yiuf
  2243 | D:2      | Reached XP level 5. HP: 33/45 MP: 7/7
  2775 | D:2      | Killed Crazy Yiuf
  2775 | D:2      | Reached skill level 3 in Axes
  3207 | D:3      | Found a bloodstained altar of Trog.
  3207 | D:3      | Noticed an eye of draining
  3216 | D:3      | Noticed an eye of draining
  3313 | D:3      | Killed an eye of draining
  3313 | D:3      | Reached XP level 6. HP: 43/52 MP: 0/8
  3488 | D:3      | Noticed Ijyb
  3506 | D:3      | Killed Ijyb
  3619 | D:3      | Found an ornate altar of the Wu Jian Council.
  3706 | D:3      | Noticed Grinder
  3727 | D:3      | Paralysed by Grinder for 5 turns
  3752 | D:3      | Killed Grinder
  3752 | D:3      | Reached XP level 7. HP: 32/59 MP: 9/9
  4084 | D:3      | Reached skill level 4 in Axes
  4369 | D:4      | Found a staircase to the Ecumenical Temple.
  4491 | D:4      | Reached *** piety under Lugonu
  4785 | D:4      | Noticed a hippogriff
  5103 | D:3      | Killed a hippogriff
  5103 | D:3      | Reached XP level 8. HP: 24/66 MP: 11/11
  5612 | D:5      | Entered Level 5 of the Dungeon
  6234 | D:5      | Reached skill level 5 in Axes
  6498 | D:5      | Reached **** piety under Lugonu
  6522 | D:5      | Slain by an iguana

Skill      XL: |  1  2  3  4  5  6  7  8 |
---------------+-------------------------+-----
Axes           | 2 3 4 5 |  5.1
Dodging        | 1 2 3 |  3.1
Armour         | 2 3 4 |  4.8
Invocations    | 3 4 |  4.7
Fighting       | 4 |  4.6

Action                   |  1- 3 |  4- 6 |  7- 9 || total
-------------------------+-------+-------+-------++-------
Melee: Hand axe          |    91 |   206 |   208 ||   505
       Kick              |    14 |    38 |    59 ||   111
Invok: Depart the Abyss  |     1 |       |       ||     1
       Bend Space        |       |       |     1 ||     1
Evoke: Wand              |       |       |     1 ||     1
  Use: Scroll            |     4 |       |     5 ||     9
       Potion            |       |     2 |       ||     2
  Eat: Chunk             |     1 |     6 |     5 ||    12
       Ration            |       |       |     1 ||     1
Armor: Ring mail         |    63 |   173 |   151 ||   387
Dodge: Dodged            |    41 |    94 |    64 ||   199
